 Dungeon Crawl Stone Soup version 0.23.1 (webtiles) character file.

Game seed: 3452147072107567357

23 Hylith the Gusty (level 2, 4/24 HPs)
             Began as a Draconian Air Elementalist on Mar 9, 2019.
             Quit the game on level 1 of the Dungeon.
             The game lasted 00:02:23 (345 turns).

Hylith the Gusty (Draconian Air Elementalist)        Turns: 345, Time: 00:02:23

Health: 4/24       AC:  4    Str: 10    XL:     2   Next: 75%
Magic:  3/5        EV:  9    Int: 15    God:
Gold:   11         SH:  6    Dex: 11    Spells: 4/5 levels left

rFire    . . .     SeeInvis .   c - +0 club
rCold    . . .     Gourm    .   f - +0 shield
rNeg     . . .     Faith    .   (armour unavailable)
rPois    .         Spirit   .   (helmet restricted)
rElec    .         Reflect  .   (no cloak)
rCorr    .         Harm     .   (no gloves)
MR       .....                  (no boots)
Stlth    ++........             (no amulet)
HPRegen  0.08/turn              (no ring)
MPRegen  0.09/turn              (no ring)

@: no status effects
A: unfitting armour, cold-blooded, AC +4
a: no special abilities


You were on level 1 of the Dungeon.
You were not hungry.

You visited 1 branch of the dungeon, and saw 1 of its levels.

You collected 11 gold pieces.

Inventory:

Hand Weapons
 c - a +0 club (weapon)
Missiles
 g - 2 stones (quivered)
Armour
 f - a +0 shield (worn)
Scrolls
 d - a scroll of fear {unknown}
 h - a scroll of remove curse {unknown}
Potions
 a - a potion of degeneration {unknown}
 e - a potion of curing {unknown}
Comestibles
 b - 2 rations


   Skills:
 * Level 1.9 Fighting
 + Level 0.3 Maces & Flails
 - Level 2.2 Dodging
 - Level 2.0 Stealth
 - Level 2.0 Spellcasting
 - Level 1.0 Conjurations
 - Level 3.0 Air Magic


You had 4 spell levels left.
You knew the following spells:

 Your Spells              Type           Power        Failure   Level  Hunger
a - Shock                 Conj/Air       #...         56%         1    #......

Your spell library contained the following spells:

 Spells                   Type           Power        Failure   Level  Hunger
 Swiftness                Chrm/Air       #.......     77%         2    ###....
 Static Discharge         Conj/Air       #.......     90%         3    ###....
 Airstrike                Air            ##........   99%         4    #####..
 Lightning Bolt           Conj/Air       #.........   100%        5    ######.


Dungeon Overview and Level Annotations

Branches:
Dungeon (1/15)

Altars:


Innate Abilities, Weirdness & Mutations

Your plain brown scales are hard. (AC +4)
You cannot fit into any form of body armour.
You are cold-blooded and may be slowed by cold attacks.


Message History

You see here a gnoll corpse.
There is a stone staircase leading down here.
Your magical contamination has completely faded away.
A jackal comes into view.
Casting: Shock (safe; 56% risk of failure)
Confirm with . or Enter, or press ? or * to list all spells.
Aiming: Shock (safe; 56% risk of failure)
Press: ? - help, Shift-Dir - straight line, f - jackal
Aim: a jackal (hasn't noticed you)
The zap hits the jackal.
The jackal is heavily wounded.
The jackal barks!
Casting: Shock (safe; 56% risk of failure)
Confirm with . or Enter, or press ? or * to list all spells.
Aiming: Shock (safe; 56% risk of failure)
Press: ? - help, Shift-Dir - straight line, f/p - jackal
Aim: a jackal (heavily wounded)
The zap hits the jackal.
You kill the jackal!
Are you sure you want to abandon this character and quit the game? (Confirm with "yes".)

#. #.##..####.............#######
#.##....#.........รท..............
#.........##...............######
......######...............# #
..##..######...............# ## .
##.....##...............# #.
#..##.###.............## ##.
##.##..###.....#.....## #..
#...#......@.##....## ####.#
###..#######.#..##..# #....# #...#
#.#.####.###.#### #'''#
#.#.####...#.####
#...######........>.......
#...#........#######.#####
##...#######..# ###.#### #.....#
##...# #......# ##.....## #..#.###
#.####.#


There were no monsters in sight!

Vanquished Creatures
  A gnoll (D:1)
  A ball python (D:1)
  A bat (D:1)
  A goblin (D:1)
  3 hobgoblins (D:1)
  2 jackals (D:1)
  A frilled lizard (D:1)
  A kobold (D:1)
  2 rats (D:1)
13 creatures vanquished.

Notes
Turn   | Place    | Note
-------+----------+-------------------------------------------
     0 | D:1      | Hylith the Draconian Air Elementalist began the quest for
                  | the Orb.
     0 | D:1      | Reached XP level 1. HP: 14/14 MP: 3/3
   154 | D:1      | Reached skill level 1 in Fighting
   166 | D:1      | Reached XP level 2. HP: 20/23 MP: 3/5
   307 | D:1      | HP: 1/23 [gnoll (6)]
   345 | D:1      | Quit the game

Skill      XL: |  1  2 |
---------------+-------+-----
Stealth        | 2 |  2.0
Fighting       | 1 |  1.9
Dodging        | 2 |  2.2
Maces & Flails | |  0.3
Spellcasting   | |  2.0
Conjurations   | |  1.0
Air Magic      | |  3.0

Action                   || total
-------------------------++-------
Melee: Club              ||    37
       Unarmed           ||     3
       Tailslap          ||     1
 Cast: Shock             ||    11
Armor: Skin              ||    15
Dodge: Dodged            ||    25
Block: Shield            ||     7
